 Dungeon Sprint DCSS version 0.19-a0-1654-g9d3f708 (webtiles) character file.

8589 George the Fencer (level 11, -9/107 HPs)
             Began as a Minotaur Fighter on Sept 20, 2016.
             Was the Champion of Makhleb.
             Killed by divine providence
             ... invoked by an orc priest
              (13 damage)
             ... in the Dungeon (Sprint IX: "|||||||||||||||||||||||||||||").
             The game lasted 00:05:13 (1267 turns).

George the Fencer (Minotaur Fighter)                Turns: 1267, Time: 00:05:13

Health: -9/107     AC: 21    Str: 23    XL:     11   Next: 11%
Magic:  17/17      EV:  7    Int:  5    God:    Makhleb [******]
Gold:   1250       SH: 14    Dex: 17    Spells: 0 memorised, 10 levels left

rFire  . . .     SeeInvis .     p - +2 scimitar (flame)
rCold  . . .     Gourm    .     C - +0 plate armour
rNeg   . . .     Faith    .     c - +0 shield
rPois  .         Spirit   .     (helmet restricted)
rElec  .         Dismiss  .     B - +0 cloak
rCorr  .         Reflect  .     y - +0 pair of gloves
MR     .....     Harm     .     A - +0 pair of boots
Stlth  .......... NoTele   +    (no amulet)
                                q - +3 ring of strength
                                b - +3 ring of dexterity

@: no status effects
A: retaliatory headbutt, horns 2
a: Minor Destruction, Lesser Servant of Makhleb, Major Destruction, Greater
Servant of Makhleb, Renounce Religion


You were in the Dungeon.
You worshipped Makhleb.
Makhleb was exalted by your worship.
You were hungry.

You visited 1 branch You collected 1250 gold pieces.

Inventory:

Hand Weapons
 p - a +2 scimitar of flaming (weapon)
Armour
 c - a +0 shield (worn)
 y - a +0 pair of gloves (worn)
 A - a +0 pair of boots (worn)
 B - a +0 cloak (worn)
 C - a +0 plate armour (worn)
Jewellery
 b - a +3 ring of dexterity (left hand)
 q - a +3 ring of strength (right hand)
Wands
 o - a wand of acid (3/15)
 w - a wand of acid (8/15)
Scrolls
 k - 3 scrolls of blinking
 m - 4 scrolls of remove curse
 n - 2 scrolls of amnesia
 t - a scroll of identify
 u - a scroll of fog
 v - 2 scrolls of recharging
Potions
 d - a potion of might
 e - 6 potions of curing
 g - 5 potions of heal wounds
 h - 2 potions of haste
 i - 4 potions of magic
 j - 2 potions of berserk rage
 l - a potion of invisibility
 s - a potion of agility
Comestibles
 f - 14 bread rations
 r - 3 chunks of flesh
 x - 40 fruits
 z - 12 meat rations


   Skills:
 + Level 13.6 Fighting
 * Level 18.0 Long Blades
 + Level 13.7 Armour
 + Level 13.6 Shields
 + Level 10.5 Invocations


You had 10 spell levels left.
You didn't know any spells.

Dungeon Overview and Level Annotations

Branches:
Dungeon (1/1)

Altars:
Cheibriados
Dithmenos
Elyvilon
Fedhas
Gozag
Hepliaklqana
Kikubaaqudgha
Makhleb
Nemelex Xobeh
Okawaru
Qazlal
Ru
Sif Muna
Trog
Uskayaw
Vehumet
Xom
Yredelemnul
Zin
The Shining One
Beogh
Jiyva
Lugonu

Shops:
D (


Innate Abilities, Weirdness & Mutations

You reflexively headbutt those who attack you in melee.
You have a pair of horns on your head.


Message History

The orc high priest prays.
The orc high priest hits your orange demon with a mace.
Your orange demon stings the orc high priest!
The orc high priest dies!
Makhleb accepts your kill.
The sixfirhy disappears in a puff of smoke! x2
Your Long Blades skill increases to level 18!
What are your orders? t - Shout!
Orders for allies: a - Attack new target. r - Retreat! s - Stop attacking. g - Guard the area. f - Follow me.
Anything else - Cancel.
Gang up on whom?
Press: ? - help, Dir - move target cursor, f - orc priest
Aim: an orc priest, wielding a dagger (black smoke) Attack!
The orc priest calls down the wrath of Beogh upon you.
Beogh smites you!
You die...

..†)....).....'__________________
▓▓▓▓▓▓▓▓▓▓▓▓▓▓▓▓▓▓▓▓▓▓▓▓▓▓▓▓▓▓▓▓▓
.................................
▓▓▓▓▓▓▓▓▓▓▓▓▓▓▓▓▓▓▓▓▓▓▓▓▓▓▓▓▓▓▓▓▓
.....'.....[)).....††........†÷..
▓▓▓▓▓▓▓▓▓▓▓▓▓▓▓▓▓▓▓▓▓▓▓▓▓▓▓▓▓▓▓▓▓
.................................
▓▓▓▓▓▓▓▓▓▓▓▓▓▓▓▓▓▓▓▓▓▓▓▓▓▓▓▓▓▓▓▓▓
...........)))))@4))ooo..))[.o...
▓▓▓▓▓▓▓▓▓▓▓▓▓▓▓▓▓▓▓▓▓▓▓▓▓▓▓▓▓▓▓▓▓


You could see an orc high priest, 2 orc priests and a friendly orange demon.

Vanquished Creatures
  An orc high priest (D)
  A hill giant (D)
  An orc knight (D)
  An orc sorcerer (D)
  A manticore (D)
  A black mamba (D)
  An elephant (D)
  3 spiny frogs (D)
  A rime drake (D)
  A tengu conjurer (D)
  4 polar bears (D)
  A hippogriff (D)
  A yak (D)
  A basilisk (D)
  A steam dragon (D)
  2 water moccasins (D)
  3 porcupines (D)
  An eye of draining (D)
  9 orc warriors (D)
  5 black bears (D)
  A centaur (D)
  2 crocodiles (D)
  A big kobold (D)
  A bullfrog (D)
  A scorpion (D)
  A jelly (D)
  2 orc priests (D)
  6 orc wizards (D)
  2 iguanas (D)
  An adder (D)
  An adder skeleton (D)
  A leopard gecko (D)
  6 orcs (D)
  2 bat zombies (D)
  A goblin (D)
  A hobgoblin (D)
  A ball python zombie (D)
  A bat (D)
  A kobold (D)
  A rat (D)
74 creatures vanquished.

Vanquished Creatures (collateral kills)
  An orc high priest (D)
1 creature vanquished.

Grand Total: 75 creatures vanquished

Notes
Turn   | Place    | Note
-------+----------+-------------------------------------------
     0 | D        | George the Minotaur Fighter began the quest for the Orb.
     0 | D        | Reached XP level 1. HP: 19/19 MP: 0/0
    11 | D        | Reached skill level 3 in Long Blades
    21 | D        | Noticed a centaur
    21 | D        | Noticed a scorpion
    32 | D        | Killed a centaur
    32 | D        | Reached skill level 5 in Fighting
    32 | D        | Reached skill level 6 in Long Blades
    32 | D        | Reached skill level 5 in Armour
    32 | D        | Reached skill level 5 in Shields
    32 | D        | Reached XP level 2. HP: 23/30 MP: 1/1
    32 | D        | Reached XP level 3. HP: 29/37 MP: 2/2
    32 | D        | Reached XP level 4. HP: 34/44 MP: 3/3
    39 | D        | Reached skill level 7 in Long Blades
   223 | D        | Found a roughly hewn altar of Beogh.
   223 | D        | Found a snail-covered altar of Cheibriados.
   223 | D        | Found a shadowy altar of Dithmenos.
   223 | D        | Found a white marble altar of Elyvilon.
   223 | D        | Found a blossoming altar of Fedhas.
   223 | D        | Found an opulent altar of Gozag.
   224 | D        | Found a hazy altar of Hepliaklqana.
   225 | D        | Found a viscous altar of Jiyva.
   226 | D        | Found an ancient bone altar of Kikubaaqudgha.
   227 | D        | Found a corrupted altar of Lugonu.
   228 | D        | Found a burning altar of Makhleb.
   229 | D        | Found a sparkling altar of Nemelex Xobeh.
   230 | D        | Found an iron altar of Okawaru.
   231 | D        | Found a stormy altar of Qazlal.
   232 | D        | Found a sacrificial altar of Ru.
   233 | D        | Found a deep blue altar of Sif Muna.
   234 | D        | Found a bloodstained altar of Trog.
   235 | D        | Found a hide-covered altar of Uskayaw.
   236 | D        | Found a radiant altar of Vehumet.
   238 | D        | Became a worshipper of Makhleb the Destroyer
   240 | D        | Found a shimmering altar of Xom.
   241 | D        | Found a basalt altar of Yredelemnul.
   242 | D        | Found a glowing silver altar of Zin.
   243 | D        | Found a glowing golden altar of the Shining One.
   285 | D        | Noticed a bullfrog
   285 | D        | Noticed an eye of draining
   285 | D        | Noticed a hippogriff
   285 | D        | Noticed a big kobold
   289 | D        | Reached XP level 5. HP: 47/51 MP: 0/4
   290 | D        | Reached skill level 8 in Long Blades
   292 | D        | Reached * piety under Makhleb
   296 | D        | Killed an eye of draining
   296 | D        | Reached skill level 9 in Long Blades
   296 | D        | Reached XP level 6. HP: 60/60 MP: 0/7
   300 | D        | Killed a hippogriff
   300 | D        | Reached skill level 10 in Long Blades
   303 | D        | Reached ** piety under Makhleb
   303 | D        | Reached skill level 11 in Long Blades
   303 | D        | Reached XP level 7. HP: 65/69 MP: 1/9
   331 | D        | Noticed a hill giant
   331 | D        | Noticed a tengu conjurer
   331 | D        | Noticed a yak
   331 | D        | Noticed a manticore
   337 | D        | Killed a hill giant
   337 | D        | Reached skill level 12 in Long Blades
   337 | D        | Reached skill level 5 in Invocations
   338 | D        | Reached XP level 8. HP: 71/78 MP: 5/11
   346 | D        | Killed a tengu conjurer
   349 | D        | Reached *** piety under Makhleb
   349 | D        | Reached skill level 10 in Fighting
   349 | D        | Reached skill level 13 in Long Blades
   349 | D        | Reached skill level 10 in Armour
   349 | D        | Reached skill level 10 in Shields
   355 | D        | Killed a manticore
   469 | D        | Noticed a black mamba
   469 | D        | Noticed a spiny frog
   472 | D        | Killed a black mamba
   472 | D        | Reached skill level 14 in Long Blades
   472 | D        | Reached XP level 9. HP: 85/86 MP: 13/13
   478 | D        | Reached **** piety under Makhleb
   492 | D        | Reached ***** piety under Makhleb
   501 | D        | Killed a spiny frog
   507 | D        | Reached skill level 15 in Long Blades
   734 | D        | Noticed an elephant
   734 | D        | Noticed a spiny frog
   734 | D        | Noticed a spiny frog
   744 | D        | Killed an elephant
   752 | D        | Killed a spiny frog
   753 | D        | Noticed a rime drake
   756 | D        | Killed a spiny frog
   756 | D        | Reached XP level 10. HP: 86/97 MP: 15/15
   762 | D        | Reached ****** piety under Makhleb
   762 | D        | Reached skill level 16 in Long Blades
  1093 | D        | Noticed an orc sorcerer
  1095 | D        | Noticed an orc knight
  1098 | D        | Killed an orc sorcerer
  1098 | D        | Reached skill level 17 in Long Blades
  1116 | D        | Killed an orc knight
  1116 | D        | Reached skill level 10 in Invocations
  1202 | D        | Found Ripniati's Antique Weapon Emporium.
  1202 | D        | Noticed an orc high priest
  1202 | D        | Noticed an orc high priest
  1202 | D        | Noticed an orc high priest
  1220 | D        | Noticed an orange demon
  1254 | D        | Killed an orc high priest
  1254 | D        | Reached XP level 11. HP: 29/107 MP: 17/17
  1262 | D        | Noticed a sixfirhy
  1262 | D        | Noticed a sixfirhy
  1265 | D        | HP: 3/107 [sixfirhy[an orc high priest] (12)]
  1265 | D        | Killed an orc high priest
  1265 | D        | Reached skill level 18 in Long Blades
  1267 | D        | Killed from afar by an orc priest

Vault maps used:
D:        linesprint

Skill      XL: |  1  2  3  4  5  6  7  8  9 10 11 |
---------------+----------------------------------+-----
Fighting       | 5 6 7 8 9 10 12 13 | 13.6
Long Blades    | 6 7 9 11 12 14 15 17 18 | 18.0
Shields        | 5 6 7 8 9 10 12 13 | 13.6
Armour         | 5 6 7 8 9 10 12 13 | 13.7
Invocations    | 3 4 5 7 8 10 | 10.5

Action                   |  1- 3 |  4- 6 |  7- 9 | 10-12 || total
-------------------------+-------+-------+-------+-------++-------
Melee: Long sword        |    25 |     7 |       |       ||    32
       Headbutt          |     3 |     8 |    16 |    38 ||    65
       Scimitar          |       |    18 |    87 |   126 ||   231
Invok: Lesser Servant of |       |       |       |     2 ||     2
Evoke: Wand              |       |       |       |     4 ||     4
  Eat: Chunk             |       |       |       |     1 ||     1
Armor: Scale mail        |     9 |     3 |       |       ||    12
       Chain mail        |       |     5 |    11 |    25 ||    41
       Plate armour      |       |       |       |     8 ||     8
Dodge: Dodged            |     7 |     6 |     9 |    26 ||    48
Block: Shield            |    13 |     7 |    37 |    54 ||   111
